 Dungeon Crawl Stone Soup version 0.28-a0-1387-g3a22ab9bdc (webtiles) character file.

Game seed: 944434872803427965

4332 dolemite99 the Frost Mage (level 10, -1/74 HPs)
             Began as a Gnoll Ice Elementalist on Jan 2, 2022.
             Was an Initiate of Yredelemnul.
             Slain by a brown ugly thing (14 damage)
             ... on level 8 of the Dungeon.
             The game lasted 00:18:32 (13802 turns).

dolemite99 the Frost Mage (Gnoll Ice Elementalist) Turns: 13802, Time: 00:18:32

Health: -1/74      AC:  0    Str:  8    XL:     10   Next: 33%
Magic:  13/20      EV: 12    Int: 19    God:    Yredelemnul [......]
Gold:   276        SH:  0    Dex: 12    Spells: 13/23 levels left

rFire   + . .      SeeInvis .   a - +2 demon whip (venom)
rCold   + . .      Faith    .   (no shield)
rNeg    . . .      Spirit   .   J - +0 swamp dragon scales
rPois   +          Reflect  .   o - +0 helmet
rElec   +          Harm     .   B - +0 cloak
rCorr   +          Rampage  .   (no gloves)
Will    .....                   j - +0 pair of boots
Stlth   +++.......              (no amulet)
HPRegen 0.22/turn               (no ring)
MPRegen 0.17/turn               (no ring)

@: resistant, corroded, freezing walls
A: fangs 1, strong nose, distributed training
a: Renounce Religion, Recall Undead Harvest


You were on level 8 of the Dungeon.
You worshipped Yredelemnul.
Yredelemnul was noncommittal.
You visited 1 branch of the dungeon, and saw 8 of its levels.

You collected 452 gold pieces.
You spent 176 gold pieces at shops.

Inventory:

Hand Weapons
 a - a +2 demon whip of venom (weapon)
 b - a +0 hunting sling
Missiles
 c - 7 javelins (quivered)
 d - 39 sling bullets
 h - 6 curare-tipped darts
 n - 10 poisoned darts
 p - 241 stones
 z - 37 bolts
 G - 30 arrows
Armour
 j - a +0 pair of boots (worn)
 o - a +0 helmet (worn)
 B - a +0 cloak (worn)
 J - +0 swamp dragon scales (worn)
Magical Staves
 f - a staff of poison
 m - a staff of conjuration
 C - a staff of cold
Jewellery
 i - a ring of fire
Wands
 k - a wand of digging (4)
 D - a wand of paralysis (16)
 E - a wand of acid (1)
 H - a wand of iceblast (10)
Scrolls
 l - a scroll of fog
 w - 3 scrolls of magic mapping
 F - 2 scrolls of teleportation
 K - a scroll of silence
Potions
 e - a potion of haste {unknown}
 g - a potion of might
 q - 3 potions of brilliance
 v - 5 potions of curing
 x - 2 potions of attraction
 I - a potion of berserk rage {unknown}


   Skills:
 + Level 5.2 Fighting
 + Level 5.2 Short Blades
 + Level 5.2 Long Blades
 + Level 5.2 Axes
 + Level 5.2 Maces & Flails
 + Level 5.2 Polearms
 + Level 5.2 Staves
 + Level 5.2 Slings
 + Level 5.2 Bows
 + Level 5.2 Crossbows
 + Level 5.2 Throwing
 + Level 5.2 Armour
 + Level 7.0 Dodging
 + Level 6.7 Stealth
 + Level 5.2 Shields
 + Level 5.2 Unarmed Combat
 + Level 7.3 Spellcasting
 + Level 4.2 Conjurations
 + Level 4.2 Hexes
 + Level 4.2 Summonings
 + Level 4.2 Necromancy
 + Level 4.2 Translocations
 + Level 4.2 Transmutations
 + Level 4.2 Fire Magic
 + Level 8.4 Ice Magic
 + Level 4.2 Air Magic
 + Level 4.2 Earth Magic
 + Level 4.2 Poison Magic
 + Level 5.7 Invocations
 + Level 5.2 Evocations


You had 13 spell levels left.
You knew the following spells:

 Your Spells              Type           Power      Damage    Failure   Level
a - Freeze                Ice            100%       1d11      1%          1
b - Frozen Ramparts       Ice            76%        1d9       2%          3
c - Ozocubu's Armour      Ice            38%        N/A       2%          3
d - Shock                 Conj/Air       92%        1d8       4%          1
e - Poisonous Vapours     Pois/Air       46%        N/A       7%          2

Your spell library contained the following spells:

 Spells                   Type           Power      Damage    Failure   Level
 Foxfire                  Conj/Fire      92%        2x1d8     4%          1
 Corpse Rot               Necr/Air       46%        N/A       7%          2
 Confusing Touch          Hex            23%        N/A       14%         3
 Conjure Flame            Conj/Fire      23%        6-21      14%         3
 Inner Flame              Hex/Fire       23%        N/A       14%         3
 Swiftness                Air            23%        N/A       14%         3
 Hailstorm                Conj/Ice       31%        3d8       19%         4
 Airstrike                Air            11%        N/A       41%         4
 Animate Armour           Summ/Erth      46%        N/A       41%         4
 Flame Wave               Conj/Fire      23%        2d6       41%         4
 Blade Hands              Tmut           11%        N/A       77%         5
 Yara's Violent Unravell  Hex/Tmut       11%        3d6       77%         5
 Iron Shot                Conj/Erth      11%        9d3       100%        6
 Enfeeble                 Hex            11%        N/A       100%        7


Dungeon Overview and Level Annotations

Branches:
Dungeon (8/15)
 Temple: D:4-7         Lair: D:8-11

Altars:
Dithmenos
Fedhas
Wu Jian
Xom
Yredelemnul

Shops:
D:1 !=[?

Annotations:
D:3 1 runed translucent door, tgiblernsday's ghost, amateur HOFi


Innate Abilities, Weirdness & Mutations

You have very sharp teeth.
Your uncanny sense of smell can sniff out nearby items.
Your experience applies equally to all skills.


Message History

Aim: a brown ugly thing (heavily wounded, ally target)
You freeze the brown ugly thing!
The brown ugly thing is severely wounded.
The wall freezes the brown ugly thing.
The brown ugly thing stings you. The acid corrodes you!
You are splashed with acid.
* * * LOW HITPOINT WARNING * * *
You feel much better.
The wall freezes the brown ugly thing.
The brown ugly thing barely misses you.
Casting: Freeze (safe; 1% risk of failure)
Confirm with . or Enter, or press ? or * to list all spells.
Aiming: Freeze (safe; 1% risk of failure)
Press: ? - help, Shift-Dir - straight line, f/p - brown ugly thing
Aim: a brown ugly thing (severely wounded, ally target)
You freeze the brown ugly thing.
The brown ugly thing is severely wounded.
The wall freezes the brown ugly thing.
The brown ugly thing stings you.
You are splashed with acid!
* * * LOW HITPOINT WARNING * * *
Casting: Freeze (safe; 1% risk of failure)
Confirm with . or Enter, or press ? or * to list all spells.
Aiming: Freeze (safe; 1% risk of failure)
Press: ? - help, Shift-Dir - straight line, f/p - brown ugly thing
Aim: a brown ugly thing (severely wounded, ally target)
You freeze the brown ugly thing.
The brown ugly thing is almost dead.
The wall freezes the brown ugly thing.
The brown ugly thing stings you!
* * * LOW HITPOINT WARNING * * *
You are splashed with acid.
* * * LOW HITPOINT WARNING * * *
You feel much better.
The wall freezes the brown ugly thing.
The brown ugly thing stings you!
* * * LOW HITPOINT WARNING * * *
You are splashed with acid!
* * * LOW HITPOINT WARNING * * *
Okay, then.
Okay, then.
You feel protected.
The wall freezes the brown ugly thing.
The brown ugly thing stings you!
You die...
Your body rises from the dead as a mindless zombie.

...###.# #.#.#.# ##.....##
...###.# #.#.#.# ##.......##
....##.#######.....###....<....##
.....................+.........'.
#....#.#######.....###.........##
#..#.#.# #.#.#.# ##.......##
#..#.#.# #.....# ##.....## #
.......# ####### ##...## #
####.### ##@u.# ##+## # #.#
#Z#+#.# #.# # #.# #.#∆ .#
##.###### #.###.#####.......#
##...##.......###.#
######'######....# #..
#>...............###.#
#..........##........#
#..............#####.#


You could see a brown ugly thing (ally target) and a friendly spectral ice
beast.

Vanquished Creatures
  A boulder beetle (D:7)
  Joseph (D:8)
  A hornet (D:8)
  Sigmund (D:5)
  A steam dragon (D:6)
  Edmund (D:5)
  A water moccasin (D:6)
  An orc warrior (D:8)
  A sky beast (D:8)
  A black bear (D:4)
  4 ice beasts
  2 ogres (D:6)
  A centaur (D:8)
  3 phantoms (D:4)
  A bullfrog (D:7)
  A gnoll sergeant (D:7)
  2 scorpions (D:7)
  A water moccasin skeleton (D:5)
  2 howler monkeys (D:8)
  A bullfrog zombie (D:6)
  A centaur zombie (D:6)
  5 hounds
  5 orc priests
  A bullfrog skeleton (D:3)
  A gnoll shaman (D:4)
  3 iguanas
  4 orc wizards
  Robin (D:3)
  4 gnolls (D:7)
  2 adders
  A white imp (D:5)
  A worm (D:4)
  2 dart slugs
  15 orcs
  4 endoplasms
  A giant cockroach (D:1)
  14 goblins
  11 hobgoblins
  2 jackals (D:3)
  4 quokkas
  8 ball pythons
  3 bats
  A gnoll zombie (D:7)
  6 kobolds
  3 rats
131 creatures vanquished.

Vanquished Creatures (collateral kills)
  An orc warrior (D:8)
  2 ogres
  A bullfrog (D:7)
  A wyvern zombie (D:7)
  A bullfrog skeleton (D:7)
  A howler monkey zombie (D:8)
  A white imp (D:6)
  An adder skeleton (D:4)
  2 orcs (D:8)
  An endoplasm (D:4)
  A bat (D:3)
  A kobold (D:3)
14 creatures vanquished.

Vanquished Creatures (others)
  A hornet zombie (D:8)
  A bullfrog zombie (D:7)
  A human zombie (D:8)
  An ogre zombie (D:6)
  3 hound zombies
  A howler monkey zombie (D:8)
  A gnoll (D:7)
  An iguana zombie (D:5)
  3 gnoll zombies (D:7)
  6 goblin zombies (D:3)
  A hobgoblin zombie (D:3)
  A kobold zombie (D:4)
  6 orc zombies
  A spectral endoplasm (D:4)
  3 fungi (D:1)
  2 plants (D:1)
33 creatures vanquished.

Grand Total: 178 creatures vanquished

Notes
Turn   | Place    | Note
-------+----------+-------------------------------------------
     0 | D:1      | dolemite99 the Gnoll Ice Elementalist began the quest for
                  | the Orb.
     0 | D:1      | Reached XP level 1. HP: 13/13 MP: 6/6
    22 | D:1      | Found a faded altar of an unknown god.
    36 | D:1      | Prayed at the altar of an unknown god.
    36 | D:1      | Became a worshipper of Yredelemnul the Dark
    36 | D:1      | Reached * piety under Yredelemnul
   454 | D:1      | Found Fojih's Jewellery Emporium.
   550 | D:1      | Found Poacsamo's Magic Scroll Boutique.
   558 | D:1      | Reached XP level 2. HP: 16/19 MP: 5/7
   602 | D:1      | Bought a scroll of identify for 22 gold pieces
   642 | D:1      | Found Toser's Armour Shoppe.
   796 | D:1      | Found Uqires's Distillery.
   836 | D:1      | Reached ** piety under Yredelemnul
  1201 | D:2      | Found a shimmering altar of Xom.
  1597 | D:2      | Reached XP level 3. HP: 25/25 MP: 7/9
  1689 | D:2      | Reached skill level 5 in Spellcasting
  2155 | D:3      | Learned a level 3 spell: Frozen Ramparts
  2279 | D:3      | Reached skill level 1 in Fighting
  2279 | D:3      | Reached skill level 1 in Short Blades
  2279 | D:3      | Reached skill level 1 in Long Blades
  2279 | D:3      | Reached skill level 1 in Axes
  2279 | D:3      | Reached skill level 1 in Maces & Flails
  2279 | D:3      | Reached skill level 1 in Polearms
  2279 | D:3      | Reached skill level 1 in Staves
  2279 | D:3      | Reached skill level 1 in Slings
  2279 | D:3      | Reached skill level 1 in Bows
  2279 | D:3      | Reached skill level 1 in Crossbows
  2279 | D:3      | Reached skill level 1 in Throwing
  2279 | D:3      | Reached skill level 1 in Armour
  2279 | D:3      | Reached skill level 1 in Shields
  2279 | D:3      | Reached skill level 1 in Unarmed Combat
  2279 | D:3      | Reached skill level 1 in Invocations
  2279 | D:3      | Reached skill level 1 in Evocations
  2279 | D:3      | Reached XP level 4. HP: 7/32 MP: 0/11
  2708 | D:3      | Found a shadowy altar of Dithmenos.
  2769 | D:3      | Noticed Robin
  2795 | D:3      | Killed Robin
  2876 | D:3      | Reached skill level 1 in Conjurations
  2876 | D:3      | Reached skill level 1 in Hexes
  2876 | D:3      | Reached skill level 1 in Summonings
  2876 | D:3      | Reached skill level 1 in Necromancy
  2876 | D:3      | Reached skill level 1 in Translocations
  2876 | D:3      | Reached skill level 1 in Transmutations
  2876 | D:3      | Reached skill level 1 in Fire Magic
  2876 | D:3      | Reached skill level 1 in Air Magic
  2876 | D:3      | Reached skill level 1 in Earth Magic
  2876 | D:3      | Reached skill level 1 in Poison Magic
  2890 | D:3      | Found a runed translucent door.
  2890 | D:3      | Noticed a bullfrog
  2892 | D:3      | Noticed tgiblernsday's ghost (amateur HOFi)
  3618 | D:4      | Learned a level 3 spell: Ozocubu's Armour
  3620 | D:4      | Learned a level 1 spell: Shock
  3677 | D:4      | Reached XP level 5. HP: 34/37 MP: 5/12
  3733 | D:4      | Noticed a black bear
  3785 | D:4      | Killed a black bear
  4048 | D:4      | Noticed a phantom
  4080 | D:4      | Noticed a phantom
  4119 | D:4      | HP: 1/38 [quokka (2)]
  4130 | D:4      | Killed a phantom
  4130 | D:4      | Killed a phantom
  4131 | D:4      | Reached skill level 5 in Dodging
  4131 | D:4      | Reached XP level 6. HP: 3/44 MP: 9/14
  4543 | D:5      | Entered Level 5 of the Dungeon
  4743 | D:5      | Identified the +1 mace of Doom {antimagic, Contam rN+++
                  | rCorr Dex+6}
  4887 | D:5      | Reached XP level 7. HP: 35/50 MP: 15/15
  6434 | D:1      | Bought a potion of curing for 36 gold pieces
  6436 | D:1      | Bought a potion of curing for 36 gold pieces
  6511 | D:5      | Noticed Edmund
  6519 | D:5      | Killed Edmund
  6520 | D:5      | Reached skill level 5 in Stealth
  6655 | D:5      | Noticed Sigmund
  6679 | D:5      | Killed Sigmund
  6680 | D:5      | Reached XP level 8. HP: 42/57 MP: 7/16
  7713 | D:4      | Found an ornate altar of the Wu Jian Council.
  7714 | D:4      | Found a blossoming altar of Fedhas.
  9108 | D:5      | You fall into a shaft and drop 1 floor!
  9732 | D:6      | Reached XP level 9. HP: 40/65 MP: 9/18
 10238 | D:6      | Learned a level 2 spell: Poisonous Vapours
 10930 | D:7      | Noticed a boulder beetle
 11009 | D:7      | Killed a boulder beetle
 11010 | D:7      | Reached skill level 8 in Ice Magic
 11217 | D:7      | Identified the +0 ring mail "Haosk" {-Tele rElec rC+++}
 11285 | D:7      | Reached skill level 5 in Invocations
 12065 | D:1      | Bought a scroll of enchant weapon for 82 gold pieces
 12212 | D:8      | Noticed Joseph
 12223 | D:8      | Killed Joseph
 12224 | D:8      | Reached XP level 10. HP: 23/73 MP: 12/20
 12671 | D:8      | Your ally Joseph died
 12680 | D:8      | Reached skill level 5 in Fighting
 12680 | D:8      | Reached skill level 5 in Short Blades
 12680 | D:8      | Reached skill level 5 in Long Blades
 12680 | D:8      | Reached skill level 5 in Axes
 12680 | D:8      | Reached skill level 5 in Maces & Flails
 12680 | D:8      | Reached skill level 5 in Polearms
 12680 | D:8      | Reached skill level 5 in Staves
 12680 | D:8      | Reached skill level 5 in Slings
 12680 | D:8      | Reached skill level 5 in Bows
 12680 | D:8      | Reached skill level 5 in Crossbows
 12680 | D:8      | Reached skill level 5 in Throwing
 12680 | D:8      | Reached skill level 5 in Armour
 12680 | D:8      | Reached skill level 5 in Shields
 12680 | D:8      | Reached skill level 5 in Unarmed Combat
 12680 | D:8      | Reached skill level 5 in Evocations
 13047 | D:8      | Paralysed by a hornet for 1 turns
 13792 | D:8      | Noticed a brown ugly thing
 13800 | D:8      | HP: 3/74 [acid (5)]
 13802 | D:8      | Slain by a brown ugly thing

Illustrated notes

Levels and vault maps discovered:
D:1:      co_arrival_two_rings, layout_loops_ring, serial_shops,
          nicolae_shop_stone, nicolae_shop_advertising_works
          [nicolae_subvault_shop_adworks], nicolae_lakefront_shop,
          nicolae_diamond_shop, shapermc_ecumenical_altar_ellora,
          minmay_misc_feat_encased
D:2:      layout_loops_ring, basic_altar, kennysheep_donut,
          chequers_serial_rivers_small_a
D:3:      layout_loops_ring, mainiacjoe_overflow_boulevard,
          ebering_ghost_sewer_d, serial_rivers, chequers_serial_rivers_small_b,
          chequers_serial_rivers_micro_e, chequers_serial_rivers_micro_e,
          chequers_serial_rivers_room_b, uniq_robin
D:4:      layout_basic, mainiacjoe_overflow_divided_tiny, minmay_vboxes
D:5:      layout_basic, minmay_temple_entry_antechambers,
          sigmund_edmund_badplayer
D:6:      layout_basic, minmay_a_box_with_orc_wizards_in_it
D:7:      layout_cave_pools, feat_on_display
D:8:      layout_loops_corners, kennysheep_just_a_vault, uniq_joseph

Skill      XL: |  1  2  3  4  5  6  7  8  9 10 |
---------------+-------------------------------+-----
Spellcasting   | 5 6 7 |  7.3
Fighting       | 1 2 3 4 5 |  5.2
Short Blades   | 1 2 3 4 5 |  5.2
Long Blades    | 1 2 3 4 5 |  5.2
Axes           | 1 2 3 4 5 |  5.2
Maces & Flails | 1 2 3 4 5 |  5.2
Polearms       | 1 2 3 4 5 |  5.2
Staves         | 1 2 3 4 5 |  5.2
Slings         | 1 2 3 4 5 |  5.2
Bows           | 1 2 3 4 5 |  5.2
Crossbows      | 1 2 3 4 5 |  5.2
Throwing       | 1 2 3 4 5 |  5.2
Armour         | 1 2 3 4 5 |  5.2
Shields        | 1 2 3 4 5 |  5.2
Unarmed Combat | 1 2 3 4 5 |  5.2
Invocations    | 1 2 3 4 5 |  5.7
Evocations     | 1 2 3 4 5 |  5.2
Conjurations   | 1 2 3 4 |  4.2
Hexes          | 1 2 3 4 |  4.2
Summonings     | 1 2 3 4 |  4.2
Necromancy     | 1 2 3 4 |  4.2
Translocations | 1 2 3 4 |  4.2
Transmutations | 1 2 3 4 |  4.2
Fire Magic     | 1 2 3 4 |  4.2
Air Magic      | 1 2 3 4 |  4.2
Earth Magic    | 1 2 3 4 |  4.2
Poison Magic   | 1 2 3 4 |  4.2
Dodging        | 5 6 7 |  7.0
Stealth        | 5 6 |  6.7
Ice Magic      | 8 |  8.4

Action                   |  1- 3 |  4- 6 |  7- 9 | 10-12 || total
-------------------------+-------+-------+-------+-------++-------
Melee: Mace              |    18 |    14 |       |       ||    32
       Unarmed           |     1 |       |       |       ||     1
       Bite              |     1 |       |     5 |     2 ||     8
       Scimitar          |       |    17 |    11 |       ||    28
       Staff             |       |       |    56 |       ||    56
       Punch             |       |       |     1 |       ||     1
       Demon whip        |       |       |     8 |    14 ||    22
 Fire: Hunting sling     |       |       |       |    13 ||    13
Throw: Javelin           |       |       |     3 |     2 ||     5
 Cast: Freeze            |    42 |    21 |    84 |    14 ||   161
       Frozen Ramparts   |     2 |    10 |    26 |     8 ||    46
       Shock             |       |     1 |    17 |       ||    18
       Ozocubu's Armour  |       |       |     1 |       ||     1
Evoke: Wand              |       |       |    12 |       ||    12
  Use: Scroll            |     1 |     5 |    13 |       ||    19
       Potion            |     1 |     1 |       |     3 ||     5
 Stab: Paralysed         |       |       |    15 |       ||    15
Armor: Robe              |     6 |    17 |    25 |       ||    48
       Skin              |    10 |     4 |       |       ||    14
       Leather armour    |       |     2 |     8 |       ||    10
       Swamp dragon scal |       |       |     7 |    22 ||    29
Dodge: Dodged            |    32 |    62 |   124 |    15 ||   233

Table legend: (Time is in decaauts)
 A = Elapsed time spent in this place.
 B = Non-inter-level travel time spent in this place.
 C = Inter-level travel time spent in this place.
 D = Time resting spent in this place.
 E = Time spent auto-exploring this place.
 F = Levels seen in this place.
 G = Mean time per level.
                   A        B        C        D        E       F      G
               +--------+--------+--------+--------+--------+-----+--------+
         Total |  13837 |  13331 |    506 |   6156 |   5188 |   8 | 1729.6 |
       Dungeon |  13837 |  13331 |    506 |   6156 |   5188 |   8 | 1729.6 |
               +--------+--------+--------+--------+--------+-----+--------+

Top non-repeatable levels by time:
     D:4: 3751 daAuts
     D:6: 1952 daAuts
     D:5: 1766 daAuts
     D:3: 1630 daAuts
     D:8: 1587 daAuts
     D:2: 1125 daAuts
     D:1: 1100 daAuts
     D:7: 922 daAuts
